[ AOE2 MATCH · #486101600 ]
UnrankedKhmer vs Dravidians
[ REPLAY ANALYSIS · EXTRACTED FROM THE RECORDED GAME ]
Feudal
14:36
Castle
17:31
Imperial
35:36
| APM avg | 33.2 |
| APM peak | 72 |
| eAPM avg | 25.9 |
| Villagers / military | 190 / 486 |
Focus
⚔️ 48.5% · 🌾 51.5%
Scout Cavalry ×271 · Battle Elephant ×202 · Battering Ram ×13
Feudal
13:14
Castle
18:14
Imperial
39:52
| APM avg | 37.0 |
| APM peak | 88 |
| eAPM avg | 15.5 |
| Villagers / military | 154 / 218 |
Focus
⚔️ 28.6% · 🌾 71.4%
Knight ×144 · Camel Archer ×57 · Scout Cavalry ×10 · Trebuchet (Packed) ×6 · Spearman ×1
Feudal
12:01
Castle
24:56
Imperial
41:14
| APM avg | 49.3 |
| APM peak | 96 |
| eAPM avg | 23.9 |
| Villagers / military | 127 / 90 |
Focus
⚔️ 28.9% · 🌾 71.1%
Skirmisher ×41 · Battle Elephant ×41 · Fishing Ship ×22 · Scout Cavalry ×7 · Spearman ×1
Feudal
12:01
Castle
25:41
Imperial
—
| APM avg | 19.8 |
| APM peak | 44 |
| eAPM avg | 13.2 |
| Villagers / military | 146 / 147 |
Focus
⚔️ 45.9% · 🌾 54.1%
Fire Lancer ×52 · Skirmisher ×37 · Spearman ×33 · Archer ×12 · Mangonel ×10 · Battering Ram ×3
Feudal
12:59
Castle
17:06
Imperial
32:46
| APM avg | 40.4 |
| APM peak | 89 |
| eAPM avg | 19.7 |
| Villagers / military | 151 / 296 |
Focus
⚔️ 32.6% · 🌾 67.4%
Mangudai ×263 · Scout Cavalry ×15 · Camel Scout ×14 · Trade Cart ×12 · Fishing Ship ×10 · Battering Ram ×3
Feudal
15:38
Castle
19:38
Imperial
34:59
| APM avg | 40.2 |
| APM peak | 73 |
| eAPM avg | 25.7 |
| Villagers / military | 176 / 365 |
Focus
⚔️ 31.8% · 🌾 68.2%
Leitis ×282 · Skirmisher ×70 · Fishing Ship ×31 · Bombard Cannon ×9 · Monk ×3 · Trebuchet (Packed) ×1
Feudal
13:56
Castle
23:03
Imperial
40:02
| APM avg | 36.1 |
| APM peak | 64 |
| eAPM avg | 20.9 |
| Villagers / military | 124 / 245 |
Focus
⚔️ 28.7% · 🌾 71.3%
Spearman ×69 · Knight ×57 · Cavalry Archer ×57 · Magyar Huszar ×53 · Scout Cavalry ×6 · Trebuchet (Packed) ×3
Feudal
12:58
Castle
27:51
Imperial
40:01
| APM avg | 46.0 |
| APM peak | 98 |
| eAPM avg | 22.5 |
| Villagers / military | 177 / 218 |
Focus
⚔️ 40.7% · 🌾 59.3%
Scout Cavalry ×105 · Kipchak ×70 · Archer ×33 · Trade Cart ×10 · Trebuchet (Packed) ×6 · Battering Ram ×3
Match map
Initial resources + every placement click. Lines = walls · curves = elevation contours. ◆ gold · ⬟ stone · ● berries · ✦ relic · ◌ wall gap
Your base· Open — unwalled flank
ChancellorTS's base· Open — 10t gap
Silly Father 爆旋尹光's base· Open — 15t gap
Shawzy Ze Great's base· Open — unwalled flank
Sergio's base· Open — unwalled flank
MFL91's base· Open — 3t gap
Whop's base· Open — unwalled flank
Tiger Woods' Caddy's base· Open — unwalled flank
Smoothed initial terrain · ◌ = detected wall gap · hover for details
Inputs per minute
— 名字丶好怂 - - ChancellorTS
Build order — 名字丶好怂
First 150 of 924 actions detected
| 0:32 | Build | Town Center |
| 1:10 | Build | Palisade Wall |
| 1:12 | Build | Palisade Wall |
| 1:13 | Build | Palisade Wall |
| 1:14 | Build | Palisade Wall |
| 2:25 | Build | House |
| 2:30 | Build | House |
| 2:32 | Build | Lumber Camp |
| 2:46 | Create | Villager (Male) |
| 2:46 | Create | Villager (Male) |
| 2:46 | Create | Villager (Male) |
| 2:47 | Create | Villager (Male) |
| 2:47 | Create | Villager (Male) |
| 3:00 | Research | Loom |
| 3:50 | Create | Villager (Male) |
| 4:21 | Create | Villager (Male) |
| 4:52 | Create | Villager (Male) |
| 4:52 | Create | Villager (Male) |
| 5:18 | Create | Villager (Male) |
| 6:22 | Create | Villager (Male) |
| 6:22 | Create | Villager (Male) |
| 6:23 | Create | Villager (Male) |
| 6:23 | Create | Villager (Male) |
| 6:23 | Create | Villager (Male) |
| 6:49 | Build | Lumber Camp |
| 7:30 | Create | Villager (Male) |
| 7:40 | Build | House |
| 7:56 | Create | Villager (Male) |
| 8:27 | Create | Villager (Male) |
| 8:39 | Build | Mill |
| 8:55 | Create | Villager (Male) |
| 9:02 | Build | House |
| 9:06 | Create | Villager (Male) |
| 9:55 | Create | Villager (Male) |
| 10:08 | Build | Mining Camp |
| 10:39 | Create | Villager (Male) |
| 10:39 | Create | Villager (Male) |
| 11:11 | Build | Mill |
| 11:15 | Create | Villager (Male) |
| 11:31 | Create | Villager (Male) |
| 11:41 | Create | Villager (Male) |
| 12:26 | Research | Feudal Age |
| 12:26 | Research | Feudal Age |
| 12:32 | Build | House |
| 12:33 | Build | House |
| 13:00 | Create | Villager (Male) |
| 13:00 | Create | Villager (Male) |
| 13:56 | Build | House |
| 14:36 | Age | Feudal Age |
| 14:51 | Research | Castle Age |
| 14:51 | Research | Castle Age |
| 15:17 | Create | Villager (Male) |
| 15:17 | Create | Villager (Male) |
| 15:34 | Research | Double-Bit Axe |
| 15:51 | Create | Villager (Male) |
| 15:51 | Create | Villager (Male) |
| 16:04 | Research | Horse Collar |
| 16:05 | Research | Horse Collar |
| 17:31 | Age | Castle Age |
| 17:41 | Build | Town Center |
| 17:49 | Build | Town Center |
| 17:54 | Research | Bow Saw |
| 17:58 | Research | Heavy Plow |
| 17:58 | Research | Heavy Plow |
| 18:00 | Create | Villager (Male) |
| 18:25 | Build | Lumber Camp |
| 18:35 | Create | Villager (Male) |
| 18:43 | Create | Villager (Male) |
| 18:44 | Create | Villager (Male) |
| 19:00 | Create | Villager (Male) |
| 19:00 | Create | Villager (Male) |
| 19:00 | Create | Villager (Male) |
| 19:12 | Build | Market |
| 19:18 | Create | Villager (Male) |
| 19:19 | Create | Villager (Male) |
| 19:20 | Create | Villager (Male) |
| 19:21 | Create | Villager (Male) |
| 19:32 | Research | Wheelbarrow |
| 19:33 | Create | Villager (Male) |
| 19:39 | Build | Farm |
| 19:45 | Build | Farm |
| 20:05 | Create | Villager (Male) |
| 20:06 | Build | Farm |
| 20:09 | Build | Farm |
| 20:11 | Build | Farm |
| 20:15 | Create | Villager (Male) |
| 20:25 | Create | Villager (Male) |
| 20:30 | Build | Farm |
| 20:32 | Build | Farm |
| 20:40 | Build | Farm |
| 20:47 | Create | Villager (Male) |
| 20:47 | Create | Villager (Male) |
| 20:48 | Create | Villager (Male) |
| 20:48 | Create | Villager (Male) |
| 20:49 | Create | Villager (Male) |
| 20:56 | Build | Farm |
| 20:59 | Build | Farm |
| 21:02 | Build | Farm |
| 21:05 | Create | Villager (Male) |
| 21:05 | Create | Villager (Male) |
| 21:09 | Build | Farm |
| 21:11 | Create | Villager (Male) |
| 21:27 | Create | Villager (Male) |
| 21:37 | Build | House |
| 21:38 | Build | House |
| 21:39 | Build | House |
| 21:40 | Build | House |
| 21:43 | Create | Villager (Male) |
| 21:44 | Create | Villager (Male) |
| 21:46 | Build | Farm |
| 22:02 | Build | Town Center |
| 22:03 | Create | Villager (Male) |
| 22:04 | Create | Villager (Male) |
| 22:09 | Create | Villager (Male) |
| 22:09 | Create | Villager (Male) |
| 22:18 | Build | Farm |
| 22:21 | Build | Farm |
| 22:27 | Create | Villager (Male) |
| 22:28 | Create | Villager (Male) |
| 22:28 | Create | Villager (Male) |
| 22:34 | Create | Villager (Male) |
| 22:40 | Build | House |
| 22:41 | Build | House |
| 22:42 | Build | House |
| 22:43 | Build | House |
| 22:44 | Build | House |
| 22:45 | Build | House |
| 22:46 | Create | Villager (Male) |
| 22:46 | Create | Villager (Male) |
| 22:54 | Build | Farm |
| 22:58 | Build | Farm |
| 22:59 | Create | Villager (Male) |
| 23:00 | Create | Villager (Male) |
| 23:01 | Create | Villager (Male) |
| 23:10 | Build | Farm |
| 23:13 | Create | Villager (Male) |
| 23:21 | Create | Villager (Male) |
| 23:22 | Create | Villager (Male) |
| 23:26 | Build | Farm |
| 23:33 | Build | Farm |
| 23:34 | Create | Villager (Male) |
| 23:34 | Create | Villager (Male) |
| 23:39 | Build | Farm |
| 23:42 | Build | Farm |
| 23:47 | Build | Farm |
| 23:50 | Build | Farm |
| 23:51 | Create | Villager (Male) |
| 23:51 | Create | Villager (Male) |
| 23:52 | Create | Villager (Male) |
| 23:56 | Create | Villager (Male) |
Build order — ChancellorTS
First 150 of 404 actions detected
| 0:10 | Build | Town Center |
| 1:57 | Build | House |
| 2:41 | Create | Villager (Male) |
| 2:41 | Create | Villager (Male) |
| 2:41 | Create | Villager (Male) |
| 2:42 | Create | Villager (Male) |
| 2:42 | Create | Villager (Male) |
| 3:47 | Create | Villager (Male) |
| 4:43 | Create | Villager (Male) |
| 4:43 | Create | Villager (Male) |
| 4:43 | Create | Villager (Male) |
| 4:52 | Build | House |
| 5:09 | Create | Villager (Male) |
| 5:31 | Build | Lumber Camp |
| 5:55 | Create | Villager (Male) |
| 5:56 | Create | Villager (Male) |
| 5:56 | Create | Villager (Male) |
| 5:57 | Create | Villager (Male) |
| 6:11 | Create | Villager (Male) |
| 6:45 | Create | Villager (Male) |
| 7:04 | Build | House |
| 7:35 | Create | Villager (Male) |
| 8:03 | Create | Villager (Male) |
| 8:33 | Create | Villager (Male) |
| 8:39 | Build | Mill |
| 8:51 | Create | Villager (Male) |
| 9:06 | Build | House |
| 9:24 | Create | Villager (Male) |
| 9:45 | Create | Villager (Male) |
| 10:11 | Create | Villager (Male) |
| 10:38 | Research | Loom |
| 10:40 | Research | Feudal Age |
| 11:36 | Build | Barracks |
| 11:44 | Build | Palisade Wall |
| 11:47 | Build | Palisade Wall |
| 11:50 | Build | Palisade Wall |
| 12:37 | Build | Mining Camp |
| 13:09 | Create | Villager (Male) |
| 13:14 | Age | Feudal Age |
| 13:17 | Build | Stable |
| 13:36 | Create | Villager (Male) |
| 13:58 | Create | Villager (Male) |
| 14:04 | Build | Market |
| 14:27 | Create | Villager (Male) |
| 14:34 | Build | House |
| 15:34 | Research | Castle Age |
| 15:47 | Build | Palisade Gate |
| 16:21 | Create | Spearman |
| 17:35 | Research | Double-Bit Axe |
| 17:45 | Research | Horse Collar |
| 18:03 | Create | Villager (Male) |
| 18:14 | Age | Castle Age |
| 18:20 | Build | Castle |
| 18:24 | Build | Mining Camp |
| 18:27 | Create | Villager (Male) |
| 19:01 | Create | Villager (Male) |
| 19:29 | Build | Blacksmith |
| 19:33 | Build | House |
| 19:34 | Create | Villager (Male) |
| 19:45 | Create | Camel Archer ×2 |
| 19:46 | Create | Camel Archer ×2 |
| 20:01 | Create | Villager (Male) |
| 20:23 | Create | Villager (Male) |
| 20:26 | Research | Fletching |
| 20:35 | Create | Camel Archer ×2 |
| 20:36 | Create | Camel Archer ×2 |
| 20:47 | Create | Villager (Male) |
| 20:57 | Build | House |
| 20:59 | Create | Villager (Male) |
| 21:14 | Research | Husbandry |
| 21:41 | Create | Camel Archer ×2 |
| 21:41 | Create | Camel Archer ×2 |
| 21:52 | Create | Villager (Male) |
| 22:00 | Create | Villager (Male) |
| 22:03 | Build | House |
| 22:15 | Create | Camel Archer |
| 22:21 | Build | Town Center |
| 23:03 | Create | Villager (Male) |
| 23:06 | Create | Camel Archer |
| 23:06 | Create | Camel Archer |
| 23:25 | Create | Villager (Male) |
| 23:25 | Create | Villager (Male) |
| 24:00 | Create | Villager (Male) |
| 24:00 | Create | Villager (Male) |
| 24:14 | Create | Villager (Male) |
| 24:14 | Create | Villager (Male) |
| 24:20 | Build | Farm |
| 24:21 | Build | Farm |
| 24:21 | Build | Farm |
| 24:22 | Build | Farm |
| 24:22 | Build | Farm |
| 24:22 | Build | Farm |
| 24:23 | Build | Farm |
| 24:23 | Build | Farm |
| 24:24 | Build | Farm |
| 24:24 | Build | Farm |
| 24:24 | Build | Farm |
| 24:57 | Create | Villager (Male) |
| 24:57 | Create | Villager (Male) |
| 25:19 | Create | Villager (Male) |
| 25:19 | Create | Villager (Male) |
| 25:22 | Create | Camel Archer |
| 25:22 | Create | Camel Archer |
| 25:27 | Research | Bodkin Arrow |
| 25:44 | Create | Villager (Male) |
| 25:44 | Create | Villager (Male) |
| 25:46 | Create | Camel Archer ×3 |
| 25:47 | Create | Camel Archer ×3 |
| 26:13 | Create | Villager (Male) |
| 26:13 | Create | Villager (Male) |
| 26:16 | Build | University |
| 26:36 | Create | Villager (Male) |
| 26:36 | Create | Villager (Male) |
| 26:50 | Create | Camel Archer |
| 26:51 | Create | Camel Archer |
| 27:00 | Build | Farm |
| 27:00 | Build | Farm |
| 27:00 | Build | Farm |
| 27:01 | Build | Farm |
| 27:01 | Build | Farm |
| 27:01 | Build | Farm |
| 27:01 | Build | Farm |
| 27:02 | Build | Farm |
| 27:02 | Build | Farm |
| 27:18 | Create | Villager (Male) |
| 27:18 | Create | Villager (Male) |
| 27:32 | Create | Villager (Male) |
| 27:32 | Create | Villager (Male) |
| 27:46 | Research | Ballistics |
| 27:47 | Research | Ballistics |
| 28:07 | Create | Villager (Male) |
| 28:07 | Create | Villager (Male) |
| 28:14 | Build | House |
| 28:16 | Build | House |
| 28:18 | Build | House |
| 28:29 | Create | Villager (Male) |
| 28:29 | Create | Villager (Male) |
| 28:43 | Create | Villager (Male) |
| 28:43 | Create | Villager (Male) |
| 28:46 | Build | House |
| 28:48 | Build | House |
| 28:51 | Build | House |
| 29:02 | Build | Farm |
| 29:02 | Build | Farm |
| 29:02 | Build | Farm |
| 29:03 | Build | Farm |
| 29:03 | Build | Farm |
| 29:03 | Build | Farm |
| 29:03 | Build | Farm |
| 29:04 | Build | Farm |
Build order — Silly Father 爆旋尹光
First 150 of 427 actions detected
| 0:20 | Build | Town Center |
| 0:51 | Build | Lumber Camp |
| 0:58 | Build | House |
| 2:15 | Build | Palisade Wall |
| 2:16 | Build | Palisade Wall |
| 2:33 | Create | Villager (Male) |
| 2:33 | Create | Villager (Male) |
| 2:34 | Create | Villager (Male) |
| 2:34 | Create | Villager (Male) |
| 4:10 | Create | Villager (Male) |
| 4:10 | Create | Villager (Male) |
| 4:39 | Build | House |
| 4:45 | Build | House |
| 4:51 | Create | Villager (Male) |
| 4:51 | Create | Villager (Male) |
| 5:17 | Build | Palisade Wall |
| 5:25 | Create | Villager (Male) |
| 6:01 | Create | Villager (Male) |
| 6:23 | Create | Villager (Male) |
| 6:23 | Create | Villager (Male) |
| 6:27 | Build | House |
| 6:40 | Create | Villager (Male) |
| 6:46 | Create | Villager (Male) |
| 6:46 | Create | Villager (Male) |
| 7:37 | Create | Villager (Male) |
| 7:37 | Create | Villager (Male) |
| 7:53 | Build | Mill |
| 8:34 | Create | Villager (Male) |
| 8:34 | Research | Loom |
| 9:43 | Research | Feudal Age |
| 9:43 | Research | Feudal Age |
| 10:16 | Build | House |
| 10:29 | Build | House |
| 11:00 | Create | Villager (Male) |
| 11:04 | Build | House |
| 12:01 | Age | Feudal Age |
| 12:11 | Build | Barracks |
| 12:12 | Create | Villager (Male) |
| 12:17 | Research | Double-Bit Axe |
| 12:20 | Research | Horse Collar |
| 12:44 | Create | Villager (Male) |
| 12:51 | Build | Stable |
| 12:54 | Create | Villager (Male) |
| 13:02 | Build | Palisade Wall |
| 13:03 | Build | Palisade Gate |
| 13:06 | Build | Palisade Wall |
| 13:11 | Create | Villager (Male) |
| 13:24 | Create | Scout Cavalry |
| 13:30 | Build | House |
| 13:30 | Build | House |
| 13:32 | Create | Spearman |
| 14:09 | Create | Scout Cavalry |
| 14:25 | Create | Scout Cavalry |
| 14:26 | Create | Villager (Male) |
| 14:28 | Build | Blacksmith |
| 14:35 | Create | Villager (Male) |
| 14:52 | Create | Villager (Male) |
| 14:55 | Create | Scout Cavalry |
| 14:56 | Create | Villager (Male) |
| 15:17 | Research | Forging |
| 15:44 | Create | Scout Cavalry |
| 15:44 | Create | Villager (Male) |
| 16:07 | Create | Scout Cavalry |
| 16:07 | Create | Villager (Male) |
| 16:18 | Build | House |
| 16:18 | Build | House |
| 16:44 | Create | Villager (Male) |
| 16:45 | Research | Wheelbarrow |
| 17:09 | Create | Villager (Male) |
| 17:18 | Create | Villager (Male) |
| 17:21 | Build | Mill |
| 17:32 | Create | Villager (Male) |
| 17:34 | Build | House |
| 18:06 | Build | Dock |
| 18:33 | Create | Scout Cavalry |
| 18:49 | Create | Fishing Ship |
| 19:16 | Build | Farm |
| 19:16 | Build | Farm |
| 19:16 | Build | Farm |
| 19:17 | Build | Farm |
| 19:18 | Create | Fishing Ship |
| 19:35 | Build | Fish Trap |
| 19:54 | Create | Villager (Male) |
| 19:55 | Create | Villager (Male) |
| 20:07 | Build | Market |
| 20:21 | Build | Fish Trap |
| 20:25 | Create | Villager (Male) |
| 20:36 | Build | House |
| 20:36 | Build | House |
| 20:53 | Create | Villager (Male) |
| 21:04 | Create | Fishing Ship |
| 21:27 | Build | Watch Tower |
| 21:32 | Create | Villager (Male) |
| 21:54 | Build | Fish Trap |
| 22:16 | Research | Castle Age |
| 22:26 | Create | Villager (Male) |
| 22:47 | Build | Archery Range |
| 23:29 | Build | Archery Range |
| 23:34 | Research | Fletching |
| 23:34 | Research | Padded Archer Armor |
| 24:15 | Build | Archery Range |
| 24:44 | Build | Archery Range |
| 24:56 | Age | Castle Age |
| 24:59 | Research | Bodkin Arrow |
| 25:00 | Research | Elite Skirmisher (upgrade) |
| 25:00 | Create | Skirmisher |
| 25:00 | Create | Skirmisher |
| 25:08 | Create | Villager (Male) |
| 25:19 | Create | Skirmisher |
| 25:19 | Create | Skirmisher |
| 25:26 | Research | Bow Saw |
| 25:26 | Research | Bow Saw |
| 25:33 | Create | Skirmisher |
| 25:33 | Create | Skirmisher |
| 25:53 | Create | Skirmisher |
| 25:53 | Create | Skirmisher |
| 25:53 | Create | Skirmisher |
| 26:09 | Create | Skirmisher |
| 26:09 | Create | Skirmisher |
| 26:21 | Create | Skirmisher |
| 26:21 | Create | Skirmisher |
| 26:38 | Build | University |
| 26:43 | Create | Skirmisher |
| 26:43 | Create | Skirmisher |
| 26:51 | Create | Villager (Male) |
| 26:51 | Create | Villager (Male) |
| 27:11 | Create | Villager (Male) |
| 27:13 | Create | Skirmisher |
| 27:13 | Create | Skirmisher |
| 27:13 | Create | Skirmisher |
| 27:23 | Create | Skirmisher |
| 27:23 | Create | Skirmisher |
| 27:28 | Create | Fishing Ship |
| 27:40 | Create | Fishing Ship |
| 27:43 | Create | Villager (Male) |
| 27:53 | Build | Farm |
| 27:56 | Build | House |
| 27:56 | Build | House |
| 28:25 | Build | Fish Trap |
| 28:38 | Build | Town Center |
| 29:01 | Create | Villager (Male) |
| 29:01 | Create | Villager (Male) |
| 29:02 | Create | Villager (Male) |
| 29:17 | Create | Villager (Male) |
| 29:17 | Create | Villager (Male) |
| 29:39 | Research | Ballistics |
| 29:42 | Create | Villager (Male) |
| 29:42 | Create | Villager (Male) |
| 29:43 | Create | Villager (Male) |
| 29:46 | Build | House |
Build order — Shawzy Ze Great
First 150 of 389 actions detected
| 0:11 | Build | Town Center |
| 0:22 | Build | House |
| 2:20 | Create | Villager (Male) |
| 2:20 | Create | Villager (Male) |
| 2:21 | Create | Villager (Male) |
| 2:21 | Create | Villager (Male) |
| 3:49 | Create | Villager (Male) |
| 3:49 | Create | Villager (Male) |
| 4:09 | Build | Lumber Camp |
| 4:13 | Build | House |
| 4:44 | Create | Villager (Male) |
| 4:44 | Create | Villager (Male) |
| 4:44 | Create | Villager (Male) |
| 4:45 | Create | Villager (Male) |
| 5:34 | Create | Villager (Male) |
| 6:11 | Build | House |
| 6:31 | Create | Villager (Male) |
| 6:31 | Create | Villager (Male) |
| 6:31 | Create | Villager (Male) |
| 6:41 | Build | Mill |
| 7:43 | Create | Villager (Male) |
| 7:46 | Create | Villager (Male) |
| 8:06 | Create | Villager (Male) |
| 8:08 | Create | Villager (Male) |
| 8:10 | Research | Loom |
| 9:44 | Research | Feudal Age |
| 9:57 | Build | Lumber Camp |
| 10:29 | Build | House |
| 10:34 | Build | Barracks |
| 11:28 | Build | House |
| 11:29 | Build | House |
| 11:56 | Create | Villager (Male) |
| 11:57 | Create | Villager (Male) |
| 12:01 | Age | Feudal Age |
| 12:04 | Build | Archery Range |
| 12:14 | Build | Mining Camp |
| 12:40 | Create | Archer |
| 12:40 | Create | Archer |
| 12:43 | Research | Double-Bit Axe |
| 12:46 | Create | Villager (Male) |
| 13:09 | Build | Blacksmith |
| 13:13 | Create | Archer |
| 13:18 | Create | Villager (Male) |
| 13:20 | Create | Villager (Male) |
| 13:22 | Create | Archer |
| 13:44 | Create | Villager (Male) |
| 13:55 | Research | Fletching |
| 13:58 | Create | Archer |
| 14:22 | Create | Archer |
| 14:32 | Create | Villager (Male) |
| 14:44 | Build | Watch Tower |
| 14:58 | Create | Archer |
| 15:01 | Create | Villager (Male) |
| 15:07 | Build | House |
| 15:11 | Build | House |
| 15:12 | Build | House |
| 15:13 | Build | House |
| 15:22 | Create | Archer |
| 15:45 | Create | Spearman |
| 15:45 | Create | Spearman |
| 16:09 | Create | Archer |
| 16:09 | Create | Archer |
| 16:31 | Create | Archer |
| 16:41 | Build | Watch Tower |
| 17:23 | Create | Spearman |
| 17:24 | Create | Spearman |
| 17:27 | Create | Villager (Male) |
| 17:46 | Build | Market |
| 19:13 | Create | Archer |
| 19:15 | Create | Villager (Male) |
| 19:43 | Create | Skirmisher |
| 20:12 | Create | Villager (Male) |
| 20:28 | Create | Villager (Male) |
| 20:54 | Create | Villager (Male) |
| 21:29 | Create | Villager (Male) |
| 23:01 | Research | Castle Age |
| 25:37 | Create | Villager (Male) |
| 25:41 | Age | Castle Age |
| 26:01 | Build | Town Center |
| 26:07 | Build | Town Center |
| 26:10 | Create | Villager (Male) |
| 26:31 | Create | Villager (Male) |
| 26:37 | Create | Villager (Male) |
| 26:52 | Create | Fire Lancer |
| 26:52 | Create | Fire Lancer |
| 26:58 | Create | Villager (Male) |
| 27:36 | Create | Villager (Male) |
| 27:37 | Create | Villager (Male) |
| 27:42 | Create | Fire Lancer |
| 28:07 | Create | Villager (Male) |
| 28:10 | Create | Villager (Male) |
| 28:21 | Build | Farm |
| 28:55 | Build | Farm |
| 29:01 | Build | Farm |
| 29:08 | Create | Villager (Male) |
| 29:09 | Create | Villager (Male) |
| 29:12 | Create | Villager (Male) |
| 29:20 | Build | Farm |
| 29:51 | Create | Villager (Male) |
| 29:54 | Create | Villager (Male) |
| 30:20 | Build | Lumber Camp |
| 30:22 | Create | Villager (Male) |
| 30:36 | Create | Villager (Male) |
| 30:37 | Create | Villager (Male) |
| 30:39 | Create | Villager (Male) |
| 30:50 | Build | Farm |
| 30:58 | Build | Farm |
| 31:02 | Research | Horse Collar |
| 31:06 | Create | Villager (Male) |
| 31:20 | Create | Villager (Male) |
| 31:40 | Create | Villager (Male) |
| 31:40 | Create | Villager (Male) |
| 31:40 | Create | Villager (Male) |
| 31:40 | Create | Villager (Male) |
| 31:40 | Create | Villager (Male) |
| 31:40 | Create | Villager (Male) |
| 31:58 | Create | Villager (Male) |
| 32:08 | Build | Farm |
| 32:08 | Build | Farm |
| 32:09 | Build | Farm |
| 32:11 | Build | Farm |
| 32:14 | Build | Farm |
| 32:15 | Build | Farm |
| 32:16 | Build | Farm |
| 32:18 | Create | Villager (Male) |
| 32:38 | Create | Villager (Male) |
| 32:48 | Create | Villager (Male) |
| 33:19 | Create | Fire Lancer |
| 33:39 | Research | Forging |
| 33:41 | Create | Villager (Male) |
| 33:41 | Create | Villager (Male) |
| 33:45 | Create | Villager (Male) |
| 34:01 | Create | Fire Lancer |
| 34:06 | Create | Villager (Male) |
| 34:07 | Create | Villager (Male) |
| 34:15 | Build | Mill |
| 34:16 | Build | Farm |
| 34:16 | Build | Farm |
| 34:17 | Build | Farm |
| 34:18 | Build | Farm |
| 34:54 | Create | Fire Lancer |
| 34:54 | Create | Fire Lancer |
| 35:25 | Create | Villager (Male) |
| 35:26 | Create | Villager (Male) |
| 35:27 | Create | Villager (Male) |
| 35:27 | Create | Villager (Male) |
| 35:35 | Research | Wheelbarrow |
| 35:52 | Create | Villager (Male) |
| 36:09 | Build | Farm |
| 36:09 | Build | Farm |
Build order — Sergio
First 150 of 487 actions detected
| 0:23 | Build | Town Center |
| 1:25 | Build | House |
| 2:27 | Create | Villager (Male) |
| 2:28 | Create | Villager (Male) |
| 2:28 | Create | Villager (Male) |
| 2:28 | Create | Villager (Male) |
| 3:59 | Build | Lumber Camp |
| 4:04 | Create | Villager (Male) |
| 4:04 | Create | Villager (Male) |
| 4:30 | Create | Villager (Male) ×3 |
| 4:36 | Build | House |
| 4:37 | Build | House |
| 4:59 | Create | Villager (Male) |
| 5:51 | Build | Mill |
| 5:58 | Build | House |
| 6:09 | Create | Villager (Male) ×2 |
| 6:12 | Build | House |
| 6:21 | Create | Villager (Male) |
| 6:21 | Create | Villager (Male) |
| 6:37 | Build | House |
| 7:05 | Create | Villager (Male) |
| 7:41 | Create | Villager (Male) |
| 8:06 | Build | Dock |
| 8:12 | Create | Villager (Male) |
| 8:12 | Create | Villager (Male) |
| 8:18 | Build | House |
| 8:19 | Build | House |
| 8:22 | Build | Palisade Wall |
| 8:34 | Create | Villager (Male) |
| 8:34 | Create | Villager (Male) |
| 8:47 | Create | Fishing Ship |
| 8:47 | Create | Fishing Ship |
| 9:59 | Create | Villager (Male) |
| 10:01 | Create | Fishing Ship |
| 10:11 | Create | Villager (Male) |
| 10:43 | Build | Mining Camp |
| 10:46 | Research | Feudal Age |
| 10:47 | Research | Feudal Age |
| 10:51 | Create | Fishing Ship |
| 11:15 | Create | Fishing Ship |
| 11:40 | Build | Mill |
| 12:18 | Build | House |
| 12:36 | Create | Villager (Male) |
| 12:37 | Create | Villager (Male) |
| 12:51 | Build | House |
| 12:59 | Age | Feudal Age |
| 13:05 | Build | Blacksmith |
| 13:18 | Build | Market |
| 13:43 | Build | Palisade Wall |
| 13:44 | Build | Palisade Wall |
| 13:50 | Create | Villager (Male) |
| 14:10 | Build | Fish Trap |
| 14:26 | Research | Castle Age |
| 14:48 | Build | Mining Camp |
| 14:56 | Research | Double-Bit Axe |
| 15:03 | Research | Tech 906 |
| 15:17 | Build | Palisade Wall |
| 15:21 | Build | Palisade Wall |
| 15:22 | Build | Palisade Wall |
| 15:39 | Create | Villager (Male) |
| 15:54 | Build | Fish Trap |
| 15:56 | Create | Fishing Ship |
| 16:02 | Build | Fish Trap |
| 16:49 | Build | Fish Trap |
| 16:51 | Create | Villager (Male) |
| 17:03 | Create | Villager (Male) |
| 17:06 | Age | Castle Age |
| 17:09 | Build | Town Center |
| 17:15 | Create | Fishing Ship |
| 17:32 | Build | Palisade Wall |
| 17:34 | Build | Palisade Wall |
| 17:41 | Create | Fishing Ship |
| 17:41 | Create | Villager (Male) |
| 17:41 | Create | Villager (Male) |
| 17:42 | Create | Villager (Male) |
| 18:00 | Build | House |
| 18:00 | Build | House |
| 18:10 | Create | Villager (Male) |
| 18:10 | Create | Villager (Male) |
| 18:10 | Create | Villager (Male) |
| 18:11 | Create | Villager (Male) |
| 18:14 | Research | Wheelbarrow |
| 18:48 | Build | Fish Trap |
| 18:52 | Create | Villager (Male) |
| 18:53 | Create | Villager (Male) |
| 19:08 | Build | Town Center |
| 19:13 | Create | Fishing Ship |
| 19:52 | Create | Villager (Male) |
| 19:52 | Create | Villager (Male) |
| 19:53 | Create | Villager (Male) |
| 20:01 | Build | Palisade Wall |
| 20:05 | Create | Villager (Male) |
| 20:06 | Create | Villager (Male) |
| 20:16 | Build | Fish Trap |
| 20:31 | Create | Villager (Male) |
| 20:31 | Create | Villager (Male) |
| 20:31 | Create | Villager (Male) |
| 20:38 | Build | Farm |
| 20:39 | Build | Farm |
| 20:42 | Build | Farm |
| 20:44 | Build | Farm |
| 20:46 | Build | Farm |
| 20:53 | Build | Farm |
| 20:58 | Build | Farm |
| 21:01 | Create | Villager (Male) |
| 21:01 | Create | Villager (Male) |
| 21:06 | Create | Villager (Male) |
| 21:07 | Create | Villager (Male) |
| 21:12 | Build | Fish Trap |
| 21:15 | Research | Loom |
| 21:16 | Create | Villager (Male) |
| 21:20 | Build | Farm |
| 21:45 | Create | Villager (Male) |
| 21:45 | Create | Villager (Male) |
| 21:48 | Build | Farm |
| 21:48 | Build | Farm |
| 21:49 | Build | Farm |
| 21:52 | Research | Stone Mining |
| 22:09 | Build | Fish Trap |
| 22:17 | Build | Fish Trap |
| 22:21 | Create | Villager (Male) |
| 22:22 | Create | Villager (Male) |
| 22:22 | Create | Villager (Male) |
| 22:33 | Build | Mining Camp |
| 22:43 | Build | Castle |
| 22:45 | Research | Fletching |
| 22:46 | Create | Villager (Male) |
| 22:46 | Create | Villager (Male) |
| 22:47 | Create | Villager (Male) |
| 22:47 | Create | Villager (Male) |
| 22:49 | Build | House |
| 22:53 | Build | Farm |
| 22:54 | Build | Farm |
| 22:55 | Build | Farm |
| 22:56 | Research | Town Watch |
| 23:00 | Build | House |
| 23:00 | Build | House |
| 23:02 | Build | House |
| 23:05 | Create | Villager (Male) |
| 23:17 | Create | Villager (Male) |
| 23:17 | Create | Villager (Male) |
| 23:17 | Create | Villager (Male) |
| 23:18 | Create | Villager (Male) |
| 23:21 | Build | Lumber Camp |
| 23:37 | Research | Gold Mining |
| 23:37 | Research | Gold Mining |
| 23:41 | Research | Horse Collar |
| 23:41 | Research | Horse Collar |
| 23:55 | Create | Villager (Male) |
| 23:55 | Create | Villager (Male) |
Build order — MFL91
First 150 of 533 actions detected
| 1:02 | Build | Town Center |
| 2:25 | Build | House |
| 2:25 | Build | House |
| 3:27 | Create | Villager (Male) ×5 |
| 3:27 | Create | Villager (Male) ×5 |
| 3:27 | Create | Villager (Male) |
| 4:04 | Build | Palisade Wall |
| 4:14 | Build | Palisade Wall |
| 4:19 | Create | Villager (Male) |
| 4:19 | Create | Villager (Male) |
| 4:19 | Create | Villager (Male) |
| 5:25 | Create | Villager (Male) |
| 5:34 | Build | Lumber Camp |
| 6:04 | Create | Villager (Male) |
| 6:04 | Create | Villager (Male) |
| 6:04 | Create | Villager (Male) |
| 6:04 | Create | Villager (Male) |
| 6:12 | Create | Villager (Male) |
| 6:13 | Create | Villager (Male) |
| 6:21 | Research | Loom |
| 6:24 | Create | Villager (Male) |
| 6:24 | Create | Villager (Male) |
| 6:28 | Create | Villager (Male) |
| 6:28 | Create | Villager (Male) |
| 6:37 | Create | Villager (Male) |
| 6:38 | Create | Villager (Male) |
| 6:38 | Create | Villager (Male) |
| 7:08 | Build | Palisade Wall |
| 7:18 | Build | Palisade Wall |
| 7:24 | Build | Palisade Wall |
| 7:32 | Create | Villager (Male) |
| 7:32 | Create | Villager (Male) |
| 7:38 | Create | Villager (Male) |
| 7:38 | Create | Villager (Male) |
| 7:38 | Create | Villager (Male) |
| 8:05 | Build | House |
| 8:05 | Build | House |
| 8:36 | Build | Dock |
| 9:02 | Build | House |
| 9:16 | Create | Villager (Male) |
| 9:16 | Create | Villager (Male) |
| 9:24 | Create | Villager (Male) |
| 9:25 | Create | Villager (Male) |
| 9:46 | Create | Fishing Ship |
| 10:26 | Build | Mill |
| 10:36 | Create | Villager (Male) |
| 10:46 | Create | Fishing Ship |
| 10:46 | Create | Fishing Ship |
| 10:59 | Create | Villager (Male) |
| 11:13 | Create | Villager (Male) |
| 11:19 | Create | Fishing Ship |
| 11:30 | Build | House |
| 11:35 | Create | Villager (Male) |
| 11:53 | Create | Villager (Male) |
| 12:05 | Create | Fishing Ship |
| 12:11 | Create | Villager (Male) |
| 12:21 | Build | Palisade Wall |
| 12:42 | Build | Mining Camp |
| 13:13 | Create | Fishing Ship |
| 13:22 | Build | House |
| 13:28 | Research | Feudal Age |
| 13:28 | Research | Feudal Age |
| 14:26 | Build | Dock |
| 15:02 | Build | Dock |
| 15:08 | Create | Fishing Ship |
| 15:38 | Age | Feudal Age |
| 15:40 | Create | Villager (Male) |
| 15:40 | Create | Villager (Male) |
| 15:51 | Build | Market |
| 15:57 | Build | Blacksmith |
| 16:00 | Create | Villager (Male) |
| 16:15 | Build | Mining Camp |
| 16:23 | Build | Mining Camp |
| 16:43 | Create | Fishing Ship |
| 16:43 | Create | Fishing Ship |
| 16:43 | Create | Fishing Ship |
| 16:58 | Research | Castle Age |
| 16:58 | Research | Castle Age |
| 17:15 | Build | Fish Trap |
| 17:24 | Build | Fish Trap |
| 17:35 | Build | House |
| 17:40 | Build | House |
| 17:57 | Create | Fishing Ship |
| 17:57 | Create | Fishing Ship |
| 18:21 | Create | Fishing Ship |
| 18:26 | Research | Double-Bit Axe |
| 18:26 | Research | Double-Bit Axe |
| 18:26 | Research | Double-Bit Axe |
| 18:34 | Build | House |
| 19:30 | Create | Villager (Male) |
| 19:38 | Age | Castle Age |
| 19:41 | Build | Town Center |
| 19:43 | Create | Villager (Male) |
| 20:05 | Build | Town Center |
| 20:18 | Create | Villager (Male) |
| 20:25 | Create | Villager (Male) |
| 20:41 | Create | Villager (Male) |
| 20:52 | Build | Town Center |
| 20:55 | Create | Villager (Male) |
| 21:05 | Create | Villager (Male) |
| 21:06 | Create | Villager (Male) |
| 21:11 | Create | Fishing Ship |
| 21:11 | Create | Fishing Ship |
| 21:12 | Create | Villager (Male) |
| 21:12 | Create | Villager (Male) |
| 21:18 | Create | Villager (Male) |
| 21:27 | Research | Bow Saw |
| 21:28 | Create | Villager (Male) |
| 21:28 | Create | Villager (Male) |
| 21:39 | Build | Fish Trap |
| 21:47 | Build | Fish Trap |
| 21:49 | Create | Villager (Male) |
| 21:56 | Create | Fishing Ship |
| 21:56 | Create | Fishing Ship |
| 22:05 | Create | Fishing Ship |
| 22:05 | Create | Fishing Ship |
| 22:05 | Create | Fishing Ship |
| 22:06 | Create | Villager (Male) |
| 22:14 | Create | Villager (Male) |
| 22:20 | Create | Villager (Male) |
| 22:20 | Create | Villager (Male) |
| 22:20 | Create | Villager (Male) |
| 22:34 | Research | Tech 906 |
| 22:42 | Create | Fishing Ship |
| 22:42 | Create | Fishing Ship |
| 22:43 | Create | Fishing Ship |
| 22:43 | Create | Fishing Ship |
| 22:50 | Create | Fishing Ship |
| 22:51 | Create | Villager (Male) |
| 22:51 | Create | Villager (Male) |
| 22:51 | Create | Villager (Male) |
| 22:52 | Create | Villager (Male) |
| 22:53 | Create | Villager (Male) |
| 22:53 | Create | Villager (Male) |
| 23:11 | Build | Town Center |
| 23:21 | Create | Villager (Male) |
| 23:22 | Create | Villager (Male) |
| 23:22 | Create | Villager (Male) |
| 23:24 | Create | Villager (Male) |
| 23:24 | Create | Villager (Male) |
| 23:31 | Create | Villager (Male) |
| 23:31 | Create | Villager (Male) |
| 23:39 | Build | Fish Trap |
| 23:42 | Build | House |
| 23:43 | Build | House |
| 23:46 | Build | House |
| 23:48 | Build | House |
| 23:50 | Build | House |
| 23:51 | Build | House |
| 23:53 | Research | Town Watch |
Build order — Whop
First 150 of 434 actions detected
| 0:12 | Build | Town Center |
| 0:42 | Build | Town Center |
| 2:13 | Build | House |
| 2:25 | Build | House |
| 2:54 | Create | Villager (Male) |
| 2:54 | Create | Villager (Male) |
| 2:55 | Create | Villager (Male) |
| 2:55 | Create | Villager (Male) |
| 4:29 | Create | Villager (Male) |
| 4:39 | Build | Lumber Camp |
| 4:42 | Create | Villager (Male) |
| 5:30 | Create | Villager (Male) |
| 5:31 | Create | Villager (Male) |
| 6:03 | Create | Villager (Male) |
| 6:22 | Build | House |
| 6:36 | Create | Villager (Male) |
| 7:05 | Create | Villager (Male) |
| 7:29 | Create | Villager (Male) |
| 7:45 | Create | Villager (Male) |
| 7:53 | Build | House |
| 7:58 | Build | Palisade Wall |
| 8:11 | Build | Mill |
| 8:13 | Create | Villager (Male) |
| 8:32 | Create | Villager (Male) |
| 8:35 | Create | Villager (Male) |
| 9:03 | Create | Villager (Male) |
| 9:04 | Create | Villager (Male) |
| 9:15 | Build | Palisade Wall |
| 9:16 | Build | Palisade Wall |
| 9:17 | Build | Palisade Wall |
| 9:31 | Build | Mill |
| 10:21 | Create | Villager (Male) |
| 10:21 | Create | Villager (Male) |
| 10:22 | Research | Loom |
| 10:40 | Build | Palisade Wall |
| 10:47 | Build | Palisade Wall |
| 10:48 | Build | Palisade Wall |
| 11:00 | Research | Feudal Age |
| 11:10 | Build | Barracks |
| 11:32 | Build | House |
| 11:33 | Build | House |
| 12:12 | Create | Villager (Male) |
| 12:13 | Create | Villager (Male) |
| 13:21 | Build | Mill |
| 13:56 | Age | Feudal Age |
| 14:11 | Build | Stable |
| 14:18 | Build | Palisade Gate |
| 14:51 | Research | Double-Bit Axe |
| 14:53 | Create | Villager (Male) |
| 14:53 | Create | Villager (Male) |
| 14:57 | Create | Scout Cavalry |
| 14:58 | Create | Scout Cavalry |
| 14:59 | Create | Scout Cavalry |
| 15:04 | Build | House |
| 15:29 | Create | Spearman |
| 16:03 | Create | Scout Cavalry |
| 16:04 | Create | Villager (Male) |
| 16:05 | Create | Villager (Male) |
| 16:10 | Build | Market |
| 16:12 | Build | Blacksmith |
| 16:50 | Create | Scout Cavalry |
| 16:55 | Create | Villager (Male) |
| 16:55 | Create | Villager (Male) |
| 17:21 | Create | Scout Cavalry |
| 17:23 | Create | Villager (Male) |
| 17:23 | Create | Villager (Male) |
| 17:43 | Build | Farm |
| 17:44 | Build | Farm |
| 17:47 | Build | Stable |
| 18:19 | Build | Mining Camp |
| 18:28 | Build | Mining Camp |
| 18:52 | Build | Watch Tower |
| 19:00 | Create | Villager (Male) |
| 19:01 | Create | Villager (Male) |
| 19:06 | Build | Farm |
| 19:07 | Build | Farm |
| 19:09 | Research | Horse Collar |
| 19:13 | Build | Farm |
| 20:20 | Build | Farm |
| 20:21 | Build | Farm |
| 20:23 | Research | Castle Age |
| 20:28 | Build | Farm |
| 20:29 | Build | Farm |
| 20:31 | Build | Farm |
| 20:50 | Build | House |
| 20:52 | Build | House |
| 20:53 | Build | House |
| 21:03 | Research | Gold Mining |
| 21:05 | Research | Stone Mining |
| 21:14 | Build | House |
| 22:28 | Build | Mining Camp |
| 23:00 | Build | Watch Tower |
| 23:03 | Age | Castle Age |
| 23:09 | Build | Town Center |
| 23:13 | Create | Knight |
| 23:13 | Create | Knight |
| 23:24 | Create | Villager (Male) |
| 23:25 | Create | Villager (Male) |
| 23:48 | Create | Knight |
| 23:50 | Create | Knight |
| 23:52 | Create | Villager (Male) |
| 24:06 | Research | Scale Barding Armor |
| 24:22 | Create | Villager (Male) |
| 24:38 | Research | Fletching |
| 24:53 | Build | Farm |
| 24:55 | Build | Farm |
| 24:57 | Create | Villager (Male) |
| 25:10 | Create | Villager (Male) |
| 25:31 | Create | Villager (Male) |
| 25:34 | Create | Villager (Male) |
| 25:34 | Create | Villager (Male) |
| 25:36 | Build | Farm |
| 25:38 | Build | Farm |
| 25:46 | Build | Farm |
| 25:48 | Build | Farm |
| 25:52 | Create | Knight |
| 26:16 | Create | Villager (Male) |
| 26:18 | Build | Farm |
| 26:21 | Create | Villager (Male) |
| 26:24 | Build | Farm |
| 26:29 | Build | Farm |
| 26:55 | Create | Villager (Male) |
| 26:59 | Build | Farm |
| 27:02 | Create | Villager (Male) |
| 27:02 | Create | Villager (Male) |
| 27:05 | Build | Farm |
| 27:13 | Research | Husbandry |
| 27:23 | Research | Bloodlines |
| 27:42 | Create | Villager (Male) |
| 27:44 | Create | Villager (Male) |
| 27:47 | Build | Farm |
| 27:47 | Build | Farm |
| 27:53 | Build | Castle |
| 28:16 | Research | Wheelbarrow |
| 28:17 | Research | Town Watch |
| 28:24 | Research | Gold Mining |
| 29:05 | Create | Villager (Male) |
| 29:06 | Create | Villager (Male) |
| 29:08 | Research | Chain Barding Armor |
| 29:14 | Build | Stable |
| 29:23 | Create | Villager (Male) |
| 29:23 | Create | Villager (Male) |
| 29:47 | Create | Villager (Male) |
| 30:38 | Build | Town Center |
| 30:45 | Create | Villager (Male) |
| 30:45 | Create | Villager (Male) |
| 30:46 | Create | Villager (Male) |
| 30:46 | Create | Villager (Male) |
| 30:48 | Create | Villager (Male) |
| 30:49 | Create | Villager (Male) |
Build order — Tiger Woods' Caddy
First 150 of 469 actions detected
| 0:13 | Build | Town Center |
| 0:44 | Build | House |
| 2:51 | Create | Villager (Male) ×4 |
| 3:51 | Create | Villager (Male) |
| 3:51 | Create | Villager (Male) |
| 4:23 | Build | House |
| 4:48 | Create | Villager (Male) |
| 4:48 | Create | Villager (Male) |
| 5:14 | Build | Lumber Camp |
| 5:22 | Create | Villager (Male) |
| 5:23 | Create | Villager (Male) |
| 5:41 | Create | Villager (Male) |
| 5:42 | Create | Villager (Male) |
| 6:19 | Create | Villager (Male) |
| 6:19 | Create | Villager (Male) |
| 6:30 | Create | Villager (Male) |
| 6:40 | Build | House |
| 7:14 | Create | Villager (Male) |
| 7:14 | Create | Villager (Male) |
| 7:23 | Build | Mill |
| 7:51 | Create | Villager (Male) |
| 7:51 | Create | Villager (Male) |
| 8:33 | Create | Villager (Male) |
| 9:08 | Build | Mill |
| 9:23 | Create | Villager (Male) |
| 9:46 | Create | Villager (Male) |
| 9:47 | Research | Loom |
| 10:48 | Research | Feudal Age |
| 11:08 | Build | House |
| 11:25 | Build | Mining Camp |
| 11:55 | Build | Barracks |
| 12:08 | Create | Villager (Male) |
| 12:54 | Build | House |
| 12:58 | Age | Feudal Age |
| 13:02 | Build | Archery Range |
| 13:07 | Create | Villager (Male) |
| 13:37 | Build | Blacksmith |
| 13:42 | Create | Villager (Male) |
| 13:49 | Build | House |
| 13:56 | Create | Archer |
| 13:56 | Create | Archer |
| 14:07 | Create | Villager (Male) |
| 14:09 | Create | Archer |
| 14:10 | Create | Archer |
| 14:17 | Create | Spearman |
| 14:24 | Build | House |
| 14:29 | Build | House |
| 14:33 | Create | Archer |
| 14:38 | Create | Villager (Male) |
| 14:39 | Create | Villager (Male) |
| 14:55 | Build | Palisade Wall |
| 15:04 | Create | Villager (Male) |
| 15:04 | Create | Archer |
| 15:05 | Create | Archer |
| 15:19 | Create | Villager (Male) |
| 15:41 | Research | Fletching |
| 15:41 | Research | Fletching |
| 15:51 | Create | Villager (Male) |
| 16:16 | Create | Villager (Male) |
| 16:30 | Create | Villager (Male) |
| 16:31 | Create | Archer |
| 16:47 | Build | House |
| 16:48 | Build | House |
| 17:10 | Create | Villager (Male) |
| 17:11 | Create | Archer |
| 17:29 | Create | Archer |
| 17:33 | Build | Town Center |
| 17:48 | Create | Villager (Male) |
| 17:52 | Build | House |
| 18:16 | Create | Villager (Male) |
| 18:16 | Create | Villager (Male) |
| 18:17 | Create | Villager (Male) |
| 18:28 | Create | Villager (Male) |
| 18:38 | Research | Double-Bit Axe |
| 19:04 | Create | Villager (Male) |
| 19:05 | Create | Villager (Male) |
| 19:19 | Create | Archer |
| 19:23 | Create | Villager (Male) |
| 19:25 | Build | Farm |
| 19:25 | Build | Farm |
| 19:26 | Build | Farm |
| 19:26 | Build | Farm |
| 19:35 | Research | Horse Collar |
| 19:36 | Research | Horse Collar |
| 19:43 | Build | Farm |
| 19:45 | Create | Villager (Male) |
| 19:46 | Create | Archer |
| 20:13 | Create | Archer |
| 20:16 | Research | Padded Archer Armor |
| 20:18 | Create | Villager (Male) |
| 20:19 | Create | Villager (Male) |
| 20:23 | Build | Farm |
| 20:23 | Build | Farm |
| 20:23 | Build | Farm |
| 20:24 | Build | Farm |
| 21:00 | Create | Villager (Male) |
| 21:03 | Create | Archer |
| 21:03 | Create | Archer |
| 21:14 | Create | Archer |
| 21:19 | Create | Villager (Male) |
| 21:22 | Build | Farm |
| 21:23 | Build | Farm |
| 21:43 | Create | Villager (Male) |
| 21:58 | Create | Archer |
| 22:11 | Create | Villager (Male) |
| 22:15 | Build | House |
| 22:16 | Build | House |
| 22:26 | Create | Villager (Male) |
| 22:27 | Create | Archer |
| 22:27 | Create | Archer |
| 22:44 | Create | Villager (Male) |
| 22:45 | Create | Villager (Male) |
| 22:52 | Build | Farm |
| 22:53 | Build | Farm |
| 22:53 | Build | Farm |
| 23:02 | Create | Villager (Male) |
| 23:11 | Build | Farm |
| 23:11 | Build | Farm |
| 23:11 | Build | Farm |
| 23:12 | Build | Farm |
| 23:12 | Build | Farm |
| 23:12 | Build | Farm |
| 23:14 | Create | Villager (Male) |
| 23:23 | Build | Farm |
| 23:25 | Build | Farm |
| 23:27 | Build | Mining Camp |
| 23:44 | Build | Market |
| 23:47 | Build | House |
| 23:49 | Build | House |
| 24:12 | Create | Villager (Male) |
| 24:13 | Create | Villager (Male) |
| 24:13 | Create | Villager (Male) |
| 24:13 | Create | Villager (Male) |
| 24:20 | Create | Villager (Male) |
| 24:20 | Create | Villager (Male) |
| 24:39 | Create | Villager (Male) |
| 24:39 | Create | Villager (Male) |
| 24:39 | Create | Villager (Male) |
| 25:05 | Create | Villager (Male) |
| 25:06 | Create | Villager (Male) |
| 25:11 | Research | Castle Age |
| 25:12 | Create | Villager (Male) |
| 25:13 | Create | Villager (Male) |
| 25:13 | Create | Villager (Male) |
| 25:28 | Create | Villager (Male) |
| 25:28 | Create | Villager (Male) |
| 25:42 | Build | Lumber Camp |
| 25:49 | Create | Villager (Male) |
| 25:49 | Create | Villager (Male) |
| 26:01 | Create | Villager (Male) |
Match timeline
| 1:10 | 名字丶好怂 · wall_segment Palisade Wall x1 |
| 1:12 | 名字丶好怂 · wall_segment Palisade Wall x1 |
| 1:13 | 名字丶好怂 · wall_segment Palisade Wall x1 |
| 1:14 | 名字丶好怂 · wall_segment Palisade Wall x1 |
| 2:15 | Silly Father 爆旋尹光 · wall_segment Palisade Wall x1 |
| 2:16 | Silly Father 爆旋尹光 · wall_segment Palisade Wall x1 |
| 4:04 | MFL91 · wall_segment Palisade Wall x1 |
| 4:14 | MFL91 · wall_segment Palisade Wall x1 |
| 5:17 | Silly Father 爆旋尹光 · wall_segment Palisade Wall x1 |
| 7:08 | MFL91 · wall_segment Palisade Wall x1 |
| 7:18 | MFL91 · wall_segment Palisade Wall x1 |
| 7:24 | MFL91 · wall_segment Palisade Wall x1 |
| 7:58 | Whop · wall_segment Palisade Wall x5 |
| 8:06 | Sergio · first_building Dock |
| 8:22 | Sergio · wall_segment Palisade Wall x1 |
| 8:36 | MFL91 · first_building Dock |
| 9:15 | Whop · wall_segment Palisade Wall x1 |
| 9:16 | Whop · wall_segment Palisade Wall x1 |
| 9:17 | Whop · wall_segment Palisade Wall x1 |
| 10:34 | Shawzy Ze Great · first_building Barracks |
| 10:40 | Whop · wall_segment Palisade Wall x1 |
| 10:47 | Whop · wall_segment Palisade Wall x3 |
| 10:48 | Whop · wall_segment Palisade Wall x1 |
| 11:10 | Whop · first_building Barracks |
| 11:36 | ChancellorTS · first_building Barracks |
| 11:44 | ChancellorTS · wall_segment Palisade Wall x1 |
| 11:47 | ChancellorTS · wall_segment Palisade Wall x1 |
| 11:50 | ChancellorTS · wall_segment Palisade Wall x2 |
| 11:55 | Tiger Woods' Caddy · first_building Barracks |
| 12:01 | Silly Father 爆旋尹光 · age_up feudal |
| 12:01 | Shawzy Ze Great · age_up feudal |
| 12:04 | Shawzy Ze Great · first_building Archery Range |
| 12:11 | Silly Father 爆旋尹光 · first_building Barracks |
| 12:21 | MFL91 · wall_segment Palisade Wall x1 |
| 12:51 | Silly Father 爆旋尹光 · first_building Stable |
| 12:58 | Tiger Woods' Caddy · age_up feudal |
| 12:59 | Sergio · age_up feudal |
| 13:02 | Silly Father 爆旋尹光 · wall_segment Palisade Wall x6 |
| 13:02 | Tiger Woods' Caddy · first_building Archery Range |
| 13:06 | Silly Father 爆旋尹光 · wall_segment Palisade Wall x1 |
| 13:14 | ChancellorTS · age_up feudal |
| 13:17 | ChancellorTS · first_building Stable |
| 13:43 | Sergio · wall_segment Palisade Wall x9 |
| 13:44 | Sergio · wall_segment Palisade Wall x11 |
| 13:56 | Whop · age_up feudal |
| 14:11 | Whop · first_building Stable |
| 14:36 | 名字丶好怂 · age_up feudal |
| 14:55 | Tiger Woods' Caddy · wall_segment Palisade Wall x9 |
| 15:11 | ChancellorTS · first_market_sell 100 wood |
| 15:17 | Sergio · wall_segment Palisade Wall x1 |
| 15:21 | Sergio · wall_segment Palisade Wall x17 |
| 15:22 | Sergio · wall_segment Palisade Wall x1 |
| 15:38 | MFL91 · age_up feudal |
| 17:06 | Sergio · age_up castle |
| 17:31 | 名字丶好怂 · age_up castle |
| 17:32 | Sergio · wall_segment Palisade Wall x4 |
| 17:34 | Sergio · wall_segment Palisade Wall x6 |
| 18:06 | Silly Father 爆旋尹光 · first_building Dock |
| 18:14 | ChancellorTS · age_up castle |
| 18:20 | ChancellorTS · first_building Castle |
| 19:38 | MFL91 · age_up castle |
| 20:01 | Sergio · wall_segment Palisade Wall x1 |
| 20:46 | 名字丶好怂 · first_market_buy 100 food |
| 20:57 | Silly Father 爆旋尹光 · first_market_buy 100 food |
| 21:03 | Sergio · first_market_buy 100 food |
| 21:08 | Shawzy Ze Great · first_market_buy 100 food |
| 21:11 | Shawzy Ze Great · first_market_sell 100 wood |
| 22:43 | Sergio · first_building Castle |
| 22:47 | Silly Father 爆旋尹光 · first_building Archery Range |
| 23:03 | Whop · age_up castle |
| 24:06 | MFL91 · first_building Monastery |
| 24:31 | 名字丶好怂 · wall_segment Stone Wall x17 |
| 24:50 | Tiger Woods' Caddy · first_market_sell 100 stone |
| 24:52 | Tiger Woods' Caddy · first_market_buy 100 food |
| 24:56 | Silly Father 爆旋尹光 · age_up castle |
| 25:05 | 名字丶好怂 · first_building Stable |
| 25:15 | Whop · first_market_buy 100 food |
| 25:41 | Shawzy Ze Great · age_up castle |
| 26:09 | MFL91 · first_building Castle |
| 26:24 | MFL91 · first_market_buy 100 stone |
| 26:24 | Sergio · first_market_sell 100 food |
| 27:51 | Tiger Woods' Caddy · age_up castle |
| 27:53 | Whop · first_building Castle |
| 29:37 | Silly Father 爆旋尹光 · first_market_sell 100 food |
| 29:46 | 名字丶好怂 · first_building Siege Workshop |
| 29:56 | Sergio · first_building Barracks |
| 30:17 | Tiger Woods' Caddy · first_building Siege Workshop |
| 30:54 | Sergio · first_building Stable |
| 31:19 | 名字丶好怂 · wall_segment Stone Wall x20 |
| 31:26 | 名字丶好怂 · wall_segment Stone Wall x3 |
| 31:47 | MFL91 · first_market_sell 500 food |
| 32:10 | MFL91 · first_building Barracks |
| 32:21 | 名字丶好怂 · first_market_sell 500 wood |
| 32:46 | Sergio · age_up imperial |
| 33:11 | 名字丶好怂 · wall_segment Stone Wall x1 |
| 33:11 | Silly Father 爆旋尹光 · first_building Castle |
| 33:12 | 名字丶好怂 · wall_segment Stone Wall x1 |
| 33:23 | MFL91 · first_building Stable |
| 33:37 | 名字丶好怂 · wall_segment Stone Wall x29 |
| 34:21 | Whop · first_market_sell 100 food |
| 34:59 | MFL91 · age_up imperial |
| 35:11 | Sergio · first_building Siege Workshop |
| 35:33 | 名字丶好怂 · first_building Castle |
| 35:36 | 名字丶好怂 · age_up imperial |
| 36:07 | Tiger Woods' Caddy · first_building Castle |
| 36:09 | MFL91 · first_building Siege Workshop |
| 36:28 | Sergio · wall_segment Palisade Wall x1 |
| 36:45 | Shawzy Ze Great · first_building Siege Workshop |
| 37:08 | Tiger Woods' Caddy · first_building Stable |
| 39:01 | Sergio · first_building Archery Range |
| 39:39 | MFL91 · first_building Archery Range |
| 39:52 | ChancellorTS · age_up imperial |
| 40:01 | Tiger Woods' Caddy · age_up imperial |
| 40:02 | Whop · age_up imperial |
| 41:14 | Silly Father 爆旋尹光 · age_up imperial |
| 43:32 | Whop · first_building Archery Range |
| 43:48 | ChancellorTS · first_market_buy 100 stone |
| 44:39 | Silly Father 爆旋尹光 · tribute_sent a jugador 1 |
| 44:39 | Silly Father 爆旋尹光 · tribute_sent a jugador 3 |
| 44:39 | Silly Father 爆旋尹光 · tribute_sent a jugador 4 |
| 44:39 | Silly Father 爆旋尹光 · tribute_sent a jugador 5 |
| 44:39 | Silly Father 爆旋尹光 · tribute_sent a jugador 6 |
| 44:39 | Silly Father 爆旋尹光 · tribute_sent a jugador 7 |
| 44:39 | Silly Father 爆旋尹光 · tribute_sent a jugador 8 |
| 45:34 | 名字丶好怂 · wall_segment Stone Wall x2 |
| 50:48 | Shawzy Ze Great · first_building Stable |
| 51:38 | Tiger Woods' Caddy · tribute_sent a jugador 1 |
| 51:38 | Tiger Woods' Caddy · tribute_sent a jugador 2 |
| 51:38 | Tiger Woods' Caddy · tribute_sent a jugador 3 |
| 51:38 | Tiger Woods' Caddy · tribute_sent a jugador 4 |
| 51:38 | Tiger Woods' Caddy · tribute_sent a jugador 5 |
| 51:38 | Tiger Woods' Caddy · tribute_sent a jugador 6 |
| 51:38 | Tiger Woods' Caddy · tribute_sent a jugador 7 |
| 54:03 | Sergio · resign |
[ AI ANALYSIS · 1 CREDIT ]
What really happened in this match?
Wolo.gg analyzes every decision: build order, eco, micro, common mistakes by bracket. Personalized analysis on WhatsApp or Discord in 30 seconds.
Civ guide
Khmer
Perfil
名字丶好怂